 Dungeon Crawl Stone Soup version 0.26-a0-1132-ge9770dfcb6 (webtiles) character file.

Game seed: 7971592477502275691

5765 ANON1729 the Transmogrifier (level 10, -1/77 HPs)
             Began as a Merfolk Transmuter on Dec 20, 2020.
             Was a Follower of Uskayaw.
             Killed from afar by a wretched star (22 damage)
             ... with a lance of force
             ... on level 1 of the Abyss.
             The game lasted 00:50:45 (14182 turns).

ANON1729 the Transmogrifier (Merfolk Transmuter)   Turns: 14182, Time: 00:50:45

Health: -1/77      AC:  3    Str: 13    XL:     10   Next: 78%
Magic:  14/19      EV: 23    Int: 21    God:    Uskayaw [*.....]
Gold:   316        SH:  0    Dex: 18    Spells: 4/21 levels left

rFire    . . .     SeeInvis .     - Unarmed
rCold    + . .     Faith    .   (no shield)
rNeg     . . .     Spirit   .   a - +0 robe
rPois    +         Reflect  .   (no helmet)
rElec    .         Harm     .   b - +0 cloak
rCorr    .         Rampage  .   (no gloves)
Will     .....                  (no boots)
Stlth    ++........             (no amulet)
HPRegen  0.22/turn              B - ring "Wuvairgh" {rPois rC+ Str+3 Int+4 Dex+4}
MPRegen  0.16/turn              p - +4 ring of evasion

@: about to teleport
A: change form in water, swift swim, stealthy swim, [subdued magic 2]
a: Renounce Religion, Stomp


You were on level 1 of the Abyss.
You worshipped Uskayaw.
Uskayaw was noncommittal.
You visited 2 branches of the dungeon, and saw 9 of its levels.
You visited the Abyss 1 time.

You collected 504 gold pieces.
You spent 188 gold pieces at shops.

Inventory:

Hand Weapons
 D - a +2 trident of venom
Missiles
 d - 6 atropa-tipped darts
 z - a throwing net
Armour
 a - a +0 robe (worn)
 b - a +0 cloak (worn)
 e - a +1 chain mail of poison resistance
 E - a +2 kite shield
 F - a +4 scale mail
Jewellery
 c - an uncursed ring of magical power
 p - a +4 ring of evasion (right hand)
 B - the ring "Wuvairgh" (left hand) {rPois rC+ Str+3 Int+4 Dex+4}
   (You took it off a gnoll on level 5 of the Dungeon)

   [ring of protection from cold]

   It affects your strength (+3).
   It affects your intelligence (+4).
   It affects your dexterity (+4).
   It protects you from cold.
   It protects you from poison.
 G - an uncursed ring of resist corrosion
Wands
 x - a wand of random effects (36)
 A - a wand of flame (9)
 K - a wand of enslavement (10)
Scrolls
 g - 2 scrolls of enchant weapon
 i - a scroll of teleportation
 o - 2 scrolls of blinking
 r - a scroll of fog {unknown}
 s - 2 scrolls of enchant armour
 t - a scroll of magic mapping {unknown}
 u - a scroll of amnesia {unknown}
 w - a scroll of immolation {unknown}
 y - 5 scrolls of remove curse
 C - a scroll of acquirement
 M - a scroll of noise {unknown}
Potions
 f - 2 potions of flight
 h - 2 potions of curing
 j - 2 potions of might
 k - a potion of resistance
 l - 2 potions of haste
 v - a potion of berserk rage
 H - a potion of lignification
 J - a potion of brilliance
 L - 2 potions of magic


   Skills:
 + Level 6.9 Fighting
 + Level 8.9 Dodging
 + Level 7.6 Unarmed Combat
 + Level 6.0 Spellcasting
 * Level 9.6 Transmutations
 - Level 3.3 Ice Magic
 * Level 5.7 Invocations


You had 4 spell levels left.
You knew the following spells:

 Your Spells              Type           Power        Failure   Level
a - Beastly Appendage     Tmut           58%          1%          1
b - Wereblood             Tmut           29%          1%          2
c - Spider Form           Tmut/Pois      8%           2%          3
d - Blade Hands           Tmut           14%          2%          5
e - Ice Form              Ice/Tmut       21%          4%          4
f - Passwall              Tmut/Erth      13%          1%          2

Your spell library contained the following spells:

 Spells                   Type           Power        Failure   Level
 Sting                    Tmut/Pois      64%          1%          1
 Animate Skeleton         Necr           6%           6%          1
 Pain                     Necr           12%          6%          1
 Summon Small Mammal      Summ           12%          6%          1
 Call Imp                 Summ           3%           10%         2
 Call Canine Familiar     Summ           3%           21%         3
 Summon Guardian Golem    Hex/Summ       3%           21%         3
 Vampiric Draining        Necr           1%           21%         3
 Summon Ice Beast         Ice/Summ       8%           34%         4
 Animate Dead             Necr           1%           58%         4
 Summon Lightning Spire   Summ/Air       3%           58%         4
 Irradiate                Conj/Tmut      8%           28%         5
 Dragon Form              Tmut           14%          77%         7
 Agony                    Necr           3%           92%         5


Dungeon Overview and Level Annotations

Branches:
Dungeon (8/15)             Temple (1/1) D:5
   Lair: D:8-11

Altars:
Ashenzari
Cheibriados
Dithmenos
Elyvilon
Fedhas
Gozag
Hepliaklqana
Kikubaaqudgha
Nemelex Xobeh
Okawaru
Qazlal
Ru
Sif Muna
Trog
Uskayaw
Vehumet
Wu Jian
Zin
The Shining One

Shops:
D:4 !(}=}

Annotations:
D:8 Psyche


Innate Abilities, Weirdness & Mutations

You revert to your normal form in water.
You are very nimble and swift while swimming.
You are very stealthy in the water. (Stealth+)
[Your spells are easier to cast, but less powerful.]


Message History

A rock wall.
You begin to meditate on the wall.
You continue meditating on the rock. x2
The wretched star glows turbulently.
The lance of force hits you!
You are knocked back by the lance of force.
You slam into the rock wall!
* * * LOW HITPOINT WARNING * * *
You finish merging with the rock.
A chaos spawn comes into view.
Okay, then.
You feel better.
Casting: Passwall (safe; 1% risk of failure)
Confirm with . or Enter, or press ? or * to list all spells.
Aiming: Passwall (safe; 1% risk of failure)
Press: ? - help, Dir - move target A rock wall.
You begin to meditate on the wall.
You continue meditating on the rock.
The wretched star glows turbulently.
The lance of force hits you!!
You die...

.# .#*.#.#.
###
##...#*#...
#.###.#.#####
#.#.....##...#
#.. .##.##.. #
#. ..#.#*.#
##....#...# #
#.####...###.#
#3 ###.*@..# #
#.###.# ...#
.. ..#.## .#
## . # #


You could see a wretched star.

Vanquished Creatures
  A tormentor (Abyss:1)
  An ancient zyme (Abyss:1)
  Grinder (D:5)
  Prince Ribbit (D:5)
  A flying skull (Abyss:1)
  Sigmund (D:3)
  The ghost of Veteran the Magician, an amateur DECj (D:5)
  2 large abominations (Abyss:1)
  Edmund (D:6)
  3 orc warriors
  2 water moccasins
  2 black bears (D:7)
  An ice beast (D:7)
  2 phantoms
  A sky beast (D:5)
  3 ogres
  4 centaurs
  3 big kobolds
  Blork the orc (D:5)
  2 bullfrogs
  3 gnoll sergeants
  A small abomination (Abyss:1)
  7 wights
  An electric eel (D:8)
  3 howler monkeys
  3 hounds
  2 jellies
  A gnoll shaman (D:5)
  6 orc priests
  Crazy Yiuf (D:7)
  An iguana (D:6)
  An iron imp (Abyss:1)
  Jessica (D:2)
  A centaur skeleton (D:4)
  Terence (D:2)
  10 orc wizards
  6 worker ants
  2 hound skeletons
  A worker ant zombie (D:8)
  16 gnolls
  A howler monkey skeleton (D:7)
  6 adders
  3 shadow imps (D:5)
  An ufetubus (D:5)
  An ooze (D:3)
  An adder zombie (D:6)
  3 adder skeletons
  2 worms
  3 dart slugs
  5 leopard geckos
  27 orcs
  10 bats
  5 giant cockroaches
  8 hobgoblins
  14 jackals
  17 kobolds
  3 quokkas
  2 ball pythons
  8 frilled lizards
  7 goblins
  13 rats
242 creatures vanquished.

Vanquished Creatures (others)
  A raiju (Abyss:1)
  A ynoxinul (Abyss:1)
  12 plants
14 creatures vanquished.

Grand Total: 256 creatures vanquished

Notes
Turn   | Place    | Note
-------+----------+-------------------------------------------
     0 | D:1      | ANON1729 the Merfolk Transmuter began the quest for the
                  | Orb.
     0 | D:1      | Reached XP level 1. HP: 15/15 MP: 3/3
   280 | D:1      | Reached XP level 2. HP: 21/21 MP: 5/5
   378 | D:1      | You fall into a shaft and drop 1 floor!
   406 | D:2      | Reached skill level 3 in Transmutations
   423 | D:2      | Noticed Terence
   431 | D:2      | Learned a level 2 spell: Wereblood
   436 | D:2      | Killed Terence
   437 | D:2      | Reached XP level 3. HP: 20/27 MP: 6/6
   609 | D:2      | Noticed Jessica
   630 | D:2      | Killed Jessica
   631 | D:2      | Reached XP level 4. HP: 30/33 MP: 7/7
  1017 | D:2      | Found a bloodstained altar of Trog.
  2237 | D:3      | Noticed Sigmund
  2286 | D:2      | Learned a level 3 spell: Spider Form
  2305 | D:3      | Killed Sigmund
  2306 | D:3      | Reached skill level 4 in Transmutations
  2306 | D:3      | Reached XP level 5. HP: 24/41 MP: 9/9
  2306 | D:3      | Reached XP level 6. HP: 28/47 MP: 10/10
  3843 | D:4      | Found Redghoapnax's Distillery.
  3851 | D:4      | Found Ydossote's Weapon Emporium.
  3852 | D:4      | Found Eragia's Gadget Shop.
  4081 | D:4      | Bought a potion of heal wounds for 65 gold pieces
  4081 | D:4      | Bought a potion of flight for 39 gold pieces
  4081 | D:4      | Bought a potion of curing for 39 gold pieces
  4181 | D:4      | Noticed a phantom
  4188 | D:4      | Learned a level 4 spell: Ice Form
  4766 | D:4      | Killed a phantom
  4767 | D:4      | Reached skill level 5 in Dodging
  4767 | D:4      | Reached XP level 7. HP: 9/52 MP: 12/12
  5257 | D:4      | Found Ryschocs's Jewellery Shop.
  5281 | D:4      | Bought a cursed ring of attention for 45 gold pieces
  5333 | D:4      | Reached skill level 5 in Transmutations
  5435 | D:4      | Found Wogh's Gadget Emporium.
  5541 | D:4      | Reached skill level 5 in Unarmed Combat
  5726 | D:5      | Entered Level 5 of the Dungeon
  6104 | D:5      | Noticed Prince Ribbit
  6115 | D:5      | Killed Prince Ribbit
  6116 | D:5      | Reached XP level 8. HP: 48/61 MP: 14/14
  6194 | D:5      | Noticed Blork the orc
  6204 | D:5      | Killed Blork the orc
  6277 | D:5      | Reached skill level 6 in Transmutations
  6305 | D:5      | Noticed Grinder
  6368 | D:5      | Killed Grinder
  6382 | D:5      | Noticed Veteran's ghost (amateur DECj)
  6391 | D:5      | Reached skill level 5 in Fighting
  6392 | D:5      | Identified the ring "Wuvairgh" {rPois rC+ Str+3 Int+4
                  | Dex+4}
  6762 | D:5      | Found an iron altar of Okawaru.
  6871 | D:5      | Learned a level 5 spell: Blade Hands
  6979 | D:5      | Reached XP level 9. HP: 45/68 MP: 16/16
  7164 | D:5      | Found a staircase to the Ecumenical Temple.
  7325 | Temple   | Entered the Ecumenical Temple
  7462 | Temple   | Became a worshipper of Uskayaw the Reveller
  7487 | D:5      | Reached * piety under Uskayaw
  7488 | D:5      | Reached skill level 5 in Spellcasting
  7496 | D:5      | Reached skill level 7 in Transmutations
  7496 | D:5      | Reached ** piety under Uskayaw
  7503 | D:5      | Reached *** piety under Uskayaw
  7506 | D:5      | Reached skill level 1 in Invocations
  7597 | D:5      | Found an ornate altar of the Wu Jian Council.
  7702 | D:5      | Found a transporter.
  7778 | D:5      | Found a transporter.
  7847 | D:5      | Found a glowing golden altar of the Shining One.
  7950 | D:6      | Noticed Edmund
  7960 | D:6      | Killed Edmund
  8062 | D:6      | Reached skill level 1 in Ice Magic
  8102 | D:6      | Reached **** piety under Uskayaw
  8104 | D:6      | Reached ***** piety under Uskayaw
  8378 | D:6      | Noticed Eustachio
  8379 | D:6      | Found the +7 Singing Sword {vorpal, sonic wave}
  8382 | D:6      | Noticed Eustachio
  8382 | D:6      | Eustachio changed into Eustachio the worker ant
  8389 | D:6      | Killed Eustachio the worker ant
  9353 | D:6      | Reached skill level 8 in Transmutations
  9876 | D:5      | Reached XP level 10. HP: 59/76 MP: 18/18
 10060 | D:5      | HP: 3/76 [gnoll/+0 halberd (8)]
 10360 | D:5      | Killed Veteran's ghost
 11655 | D:7      | Found an ancient bone altar of Kikubaaqudgha.
 12110 | D:7      | Found a runed translucent door.
 12111 | D:7      | Noticed Crazy Yiuf
 12148 | D:7      | Found a bloodstained altar of Trog.
 12359 | D:7      | Killed Crazy Yiuf
 12417 | D:8      | Reached skill level 9 in Transmutations
 12558 | D:8      | Reached skill level 5 in Invocations
 12916 | D:8      | Noticed Psyche
 12921 | D:8      | Cast into level 1 of the Abyss (Psyche)
 12925 | Abyss:1  | Identified 2 scrolls of acquirement
 12927 | Abyss:1  | Acquired the Collected Works on Mutagenic Summoning
 12932 | Abyss:1  | Learned a level 2 spell: Passwall
 12973 | Abyss:1  | Found a corrupted altar of Lugonu.
 13188 | Abyss:1  | Noticed a smoke demon
 13191 | Abyss:1  | Noticed a tentacled starspawn
 13193 | Abyss:1  | Noticed a mana viper
 13202 | Abyss:1  | Found a corrupted altar of Lugonu.
 13275 | Abyss:1  | Noticed a starcursed mass
 13375 | Abyss:1  | Noticed a thrashing horror
 13484 | Abyss:1  | Noticed a rust devil
 13542 | Abyss:1  | Noticed a thrashing horror
 13643 | Abyss:1  | Noticed a spatial maelstrom
 13651 | Abyss:1  | Noticed a soul eater
 13796 | Abyss:1  | Noticed a rust devil
 13817 | Abyss:1  | Noticed a thrashing horror
 13959 | Abyss:1  | Noticed a wretched star
 13999 | Abyss:1  | Noticed a starcursed mass
 14011 | Abyss:1  | Noticed a spatial maelstrom
 14054 | Abyss:1  | Noticed a tentacled starspawn
 14070 | Abyss:1  | Noticed a starcursed mass
 14071 | Abyss:1  | Paralysed by accursed screaming for 1 turns
 14149 | Abyss:1  | Noticed a wretched star
 14172 | Abyss:1  | Noticed a smoke demon
 14182 | Abyss:1  | Killed from afar by a wretched star

Illustrated notes

Levels and vault maps discovered:
D:1:      mushboom_english_gardens, layout_basic
D:2:      layout_basic, lemuel_coloured_pillars_altar, uniq_jessica,
          uniq_terence
D:3:      cheibrodos_helix_gallery, layout_loops_ring, uniq_sigmund
D:4:      layout_cave_pools, serial_shops, nicolae_shop_behind_doors, shop,
          shop, shop, shop
D:5:      layout_rooms, nicolae_overflow_crystal_walls, temple_doors_e,
          gammafunk_ghost_gnarly_gnolls, basic_altar, okawaru_gym_becter,
          uniq_prince_ribbit1, uniq_blork_the_orc, uniq_grinder
D:6:      minmay_evil_eye, layout_basic, grunt_ministairs_14, sword_in_stone,
          uniq_edmund
D:7:      layout_rooms, kiku_gazebo_garden_becter, trog_ov_bears_minmay,
          uniq_crazy_yiuf_cottage
D:8:      wander_kiku_kobolds, layout_basic, serial_bayou, serial_bayou_pond_d,
          serial_bayou_pond_d, serial_bayou_ford_a, serial_bayou_pond_d,
          uniq_psyche, uniq_maurice
Temple:   eino_temple_rhombus
Abyss:1:  base: D:3, evilmike_abyss_exit_11, eino_small_chamber_without_monster

Skill      XL: |  1  2  3  4  5  6  7  8  9 10 |
---------------+-------------------------------+-----
Dodging        | 3 4 5 6 7 8 |  8.9
Transmutations | 3 4 5 6 8 9 |  9.6
Fighting       | 2 3 4 5 6 |  6.9
Unarmed Combat | 4 5 6 7 |  7.6
Spellcasting   | 3 4 5 6 |  6.0
Invocations    | 3 5 |  5.7
Ice Magic      | 2 3 |  3.3

Action                   |  1- 3 |  4- 6 |  7- 9 | 10-12 || total
-------------------------+-------+-------+-------+-------++-------
Melee: Unarmed           |    55 |   318 |   438 |   186 ||   997
       Headbutt          |     6 |     7 |     3 |       ||    16
       Punch             |     1 |     4 |     6 |     1 ||    12
 Cast: Beastly Appendage |     4 |     7 |     3 |       ||    14
       Spider Form       |       |    10 |    20 |     8 ||    38
       Wereblood         |       |     1 |     4 |     5 ||    10
       Blade Hands       |       |       |    10 |    14 ||    24
       Passwall          |       |       |       |    31 ||    31
       Ice Form          |       |       |       |     1 ||     1
Invok: Line Pass         |       |       |       |     1 ||     1
 Abil: End Transformatio |       |       |       |     1 ||     1
Evoke: Wand              |       |       |     4 |    13 ||    17
  Use: Scroll            |       |       |       |    21 ||    21
       Potion            |       |       |       |    12 ||    12
 Stab: Sleeping          |       |     2 |     1 |       ||     3
       Paralysed         |       |       |     1 |     4 ||     5
Armor: Robe              |     6 |    49 |    18 |     9 ||    82
       Skin              |       |       |     5 |     4 ||     9
Dodge: Dodged            |    25 |   256 |   408 |   266 ||   955

Table legend: (Time is in decaauts)
 A = Elapsed time spent in this place.
 B = Non-inter-level travel time spent in this place.
 C = Inter-level travel time spent in this place.
 D = Time resting spent in this place.
 E = Time spent auto-exploring this place.
 F = Levels seen in this place.
 G = Mean time per level.
                   A        B        C        D        E       F      G
               +--------+--------+--------+--------+--------+-----+--------+
         Total |  14016 |  13539 |    477 |   3272 |   7329 |  10 | 1401.6 |
       Dungeon |  12607 |  12147 |    460 |   2758 |   7190 |   8 | 1575.9 |
        Temple |    153 |    137 |     16 |      0 |    136 |   1 |  153.0 |
         Abyss |   1255 |   1255 |      0 |    514 |      3 |   1 | 1255.0 |
               +--------+--------+--------+--------+--------+-----+--------+

Top non-repeatable levels by time:
     D:5: 3662 daAuts
     D:3: 1893 daAuts
     D:4: 1743 daAuts
     D:6: 1634 daAuts
     D:2: 1287 daAuts
 Abyss:1: 1255 daAuts
     D:1: 1080 daAuts
     D:7: 793 daAuts
     D:8: 512 daAuts
  Temple: 153 daAuts
